 Dungeon Crawl Stone Soup version 0.28-a0-1565-g95a8017c83 (webtiles) character file.

Game seed: 4176641015584474153

36387 wilfster70 the Severer (level 13, -2/97 HPs)
             Began as a Minotaur Fighter on Jan 19, 2022.
             Was the Champion of Hepliaklqana.
             Slain by a seven-headed hydra simulacrum (12 damage)
             ... on level 5 of the Lair of Beasts.
             The game lasted 00:36:49 (17246 turns).

wilfster70 the Severer (Minotaur Fighter)          Turns: 17246, Time: 00:36:50

Health: -2/97      AC: 27    Str: 25    XL:     13   Next: 52%
Magic:  6/19       EV:  7    Int:  5    God:    Hepliaklqana [******]
Gold:   587        SH: 10    Dex: 14    Spells: 12/12 levels left

rFire   + . .      SeeInvis +   a - +2 broad axe (venom)
rCold   + . .      Faith    .   c - +0 buckler
rNeg    . . .      Spirit   .   o - +1 plate armour of Jigsaw {rCorr Dex+3}
rPois   +          Reflect  +   M - +1 hat
rElec   +          Harm     .   k - +2 cloak
rCorr   +          Rampage  .   q - +2 pair of gloves {infuse}
Will    +....                   (no boots)
Stlth   ..........              v - amulet of reflection
HPRegen 0.26/turn               O - ring of Accord {Will+ AC+4}
MPRegen 0.16/turn               x - ring of see invisible

@: resistant
A: reduced essence, horns 2, retaliatory headbutt
a: Renounce Religion, Recall Ancestor, Ancestor Identity, Transference, Idealise


You were on level 5 of the Lair of Beasts.
You worshipped Hepliaklqana.
Hepliaklqana was exalted by your worship.
You visited 2 branches of the dungeon, and saw 16 of its levels.
You also visited: Sewer.

You collected 783 gold pieces.
You spent 196 gold pieces at shops.

Inventory:

Hand Weapons
 a - a +2 broad axe of venom (weapon)
 b - a +4 scimitar of flaming
 I - the +5 flail "Notiyf" {freeze, rElec rPois Will+ Dex+3}
   (You found it on level 11 of the Dungeon)

   It freezes those it strikes, dealing additional cold damage.
   It can also slow down cold-blooded creatures.
   Dex:       It affects your dexterity (+3).
   rElec:     It insulates you from electricity.
   rPois:     It protects you from poison.
   Will:      It increases your willpower.
Missiles
 j - 58 poisoned darts (quivered)
 D - a throwing net
 F - 4 javelins
Armour
 c - a +0 buckler (worn)
 k - a +2 cloak (worn)
 o - the +1 plate armour of Jigsaw (worn) {rCorr Dex+3}
   (You found it on level 9 of the Dungeon)

   Dex:       It affects your dexterity (+3).
   rCorr:     It protects you from acid and corrosion.
 q - a +2 pair of gloves of infusion (worn)
 M - a +1 hat (worn)
Jewellery
 l - a ring of positive energy
 u - a ring of fire
 v - an amulet of reflection (around neck)
 x - a ring of see invisible (right hand)
 L - a ring of flight
 O - the ring of Accord (left hand) {Will+ AC+4}
   (You acquired it on level 4 of the Lair of Beasts)

   [ring of protection]

   AC:        It affects your AC (+4).
   Will:      It increases your willpower.
 P - a ring of willpower
Wands
 y - a wand of iceblast (6)
 z - a wand of flame (22)
 A - a wand of mindburst (20)
 C - a wand of charming (7)
 G - a wand of paralysis (2)
 N - a wand of polymorph (8)
Scrolls
 e - 7 scrolls of teleportation
 n - 3 scrolls of silence
 r - a scroll of identify
 J - 5 scrolls of blinking
Potions
 d - 2 potions of might
 f - a potion of haste
 g - 4 potions of flight
 h - 11 potions of curing
 p - 5 potions of mutation
 s - 3 potions of brilliance
 t - a potion of magic {unknown}
 w - 4 potions of lignification
 B - a potion of invisibility {unknown}
 K - a potion of heal wounds
Miscellaneous
 i - a piece from Xom's chessboard (15/15)
 H - a tin of tremorstones (2/2)


   Skills:
 - Level 8.6 Fighting
 - Level 18.0 Axes
 + Level 5.2 Throwing
 - Level 10.0 Armour
 - Level 4.0 Shields
 - Level 10.0 Invocations
 + Level 9.1 Evocations


You had 12 spell levels left.
You didn't know any spells.
Your spell library contained the following spells:

 Spells                   Type           Power      Damage    Failure   Level
 Animate Skeleton         Necr           0%         N/A       100%        1
 Foxfire                  Conj/Fire      0%         2x1d4     100%        1
 Freeze                   Ice            0%         1d3       100%        1
 Magic Dart               Conj           0%         1d3       100%        1
 Pain                     Necr           0%         1d4       100%        1
 Call Imp                 Summ           0%         N/A       100%        2
 Sublimation of Blood     Necr           0%         N/A       100%        2
 Wereblood                Tmut           0%         N/A       100%        2
 Conjure Flame            Conj/Fire      0%         6-21      100%        3
 Frozen Ramparts          Ice            0%         1d2       100%        3
 Gell's Gravitas          Tloc           0%         N/A       100%        3
 Inner Flame              Hex/Fire       0%         N/A       100%        3
 Mephitic Cloud           Conj/Pois/Air  0%         N/A       100%        3
 Teleport Other           Tloc           0%         N/A       100%        3
 Vampiric Draining        Necr           0%         2d6       100%        3
 Cause Fear               Hex            0%         N/A       100%        4
 Flame Wave               Conj/Fire      0%         2d4       100%        4
 Hailstorm                Conj/Ice       0%         3d3       100%        4
 Petrify                  Tmut/Erth      0%         N/A       100%        4
 Irradiate                Conj/Tmut      0%         3d13      100%        5
 Dispersal                Tloc           0%         N/A       100%        6
 Summon Hydra             Summ           0%         N/A       100%        7
 Discord                  Hex            0%         N/A       100%        8


Dungeon Overview and Level Annotations

Branches:
Dungeon (11/15)            Temple (0/1) D:6            Lair (5/6) D:10
 Shoals (0/4) Lair:4       Spider (0/4) Lair:2        Slime (0/5) Lair:5
  Sewer (visited)
    Orc: D:9-12

Altars:
Ashenzari
Fedhas
Gozag
Hepliaklqana
Kikubaaqudgha
Nemelex Xobeh
Okawaru
Sif Muna
Uskayaw
Vehumet
Wu Jian
Xom
Zin

Shops:
D:4 !:*[

Annotations:
D:3 3 runed translucent doors, wakim's ghost, amateur PaFi
D:9 5 transporters


Innate Abilities, Weirdness & Mutations

Your life essence is reduced to manifest your ancestor. (-10% HP)
You have a pair of horns on your head.
You reflexively headbutt those who attack you in melee.


Message History

You slice one of the six-headed hydra simulacrum's heads off!
You slice the five-headed hydra simulacrum!!
The five-headed hydra simulacrum bites you.
The five-headed hydra simulacrum freezes you!
You resist.
The five-headed hydra simulacrum bites you but does no damage.
You block the five-headed hydra simulacrum's attack.
The five-headed hydra simulacrum bites you but does no damage.
You block the five-headed hydra simulacrum's attack.
You hit the five-headed hydra simulacrum.
The five-headed hydra simulacrum is severely damaged.
You slice one of the five-headed hydra simulacrum's heads off!
You slash the four-headed hydra simulacrum!
The four-headed hydra simulacrum vaporises!
You are too injured to fight recklessly!
You are too injured to fight recklessly!
You block the rime drake's attack. You block the rime drake's attack.
You slice the rime drake!!
You kill the rime drake!
Your extra speed is starting to run out.
You feel yourself slow down.
You chop one of the eight-headed hydra simulacrum's heads off!
You hit the seven-headed hydra simulacrum.
The seven-headed hydra simulacrum is lightly damaged.
You block the seven-headed hydra simulacrum's attack.
The seven-headed hydra simulacrum barely misses you.
The seven-headed hydra simulacrum bites you but does no damage.
You block the seven-headed hydra simulacrum's attack.
The seven-headed hydra simulacrum bites you but does no damage.
The seven-headed hydra simulacrum bites you!
* * * LOW HITPOINT WARNING * * *
The seven-headed hydra simulacrum freezes you!
You resist.
* * * LOW HITPOINT WARNING * * *
The seven-headed hydra simulacrum bites you.
* * * LOW HITPOINT WARNING * * *
The seven-headed hydra simulacrum freezes you!
You resist.
You die...

.#.#.###..##....# #..#
!.....##..#....# #..##
..........#...## ##...
<.........'...# #..#
..........'.(.# #.##
.......#..'...## .#
#..# ......##..#....#
Z.## ##.##
..........#....## k..#
#..##
....).....##.@Z.###...#
##.P#
#...#.##...##........#
.# #.## ....#
###..###...... ..###(P#
#.P #.....#####.##.#
#..## ...
#.........###..# ##<##
.. #P.............#
##.P# ##..........PP##
#...# .+..........###
##..## #P.....†.....#
#P...#


You could see a seven-headed hydra simulacrum.

Vanquished Creatures
  An ice dragon (Lair:5)
  3 hydras
  A yaktaur captain (D:10)
  The ghost of opoi33 the Severer, a journeyman GrBe of Trog (D:10)
  A boulder beetle (Lair:4)
  3 two-headed ogres
  The ghost of Pukecob the Thaumaturge, a journeyman DECj of Vehumet (Lair:3)
  7 death yaks
  2 oklob plants (Lair:5)
  A manticore (Lair:4)
  A cyclops (D:10)
  2 black mambas (Lair:5)
  8 cane toads
  A kobold demonologist (D:10)
  6 komodo dragons
  8 rime drakes
  A tengu conjurer (D:10)
  3 trolls
  A polar bear (Lair:3)
  A wind drake (Lair:4)
  12 blink frogs
  4 jumping spiders (Lair:2)
  A shadow (D:10)
  5 wyverns
  5 yaks
  A steam dragon (D:10)
  A redback (Lair:2)
  2 basilisks
  6 vampire mosquitoes
  Menkaure (D:5)
  An acid dragon (D:7)
  8 water moccasins
  2 hydra simulacra (Lair:5)
  3 black bears
  4 orc warriors
  2 hornet zombies
  2 sky beasts (D:7)
  A black mamba simulacrum (Lair:5)
  2 ogres (D:5)
  4 centaurs
  11 wolves
  2 lemures (D:4)
  4 kobold brigands
  7 bullfrogs
  2 gnoll sergeants
  A wyvern zombie (D:9)
  5 killer bees
  8 wights
  An electric eel (Lair:2)
  A crimson imp (D:8)
  A fire crab simulacrum (Lair:5)
  2 centaur zombies
  A bullfrog zombie (D:5)
  3 hounds
  A bullfrog skeleton (D:7)
  4 centaur skeletons
  3 orc priests
  2 gnoll shamans
  5 iguanas
  5 orc wizards
  A hell rat (Sewer)
  A killer bee zombie (D:6)
  2 howler monkey zombies
  10 adders
  2 howler monkey skeletons
  17 gnolls
  4 river rats
  2 shadow imps (D:7)
  3 white imps
  An ufetubus (D:5)
  2 adder skeletons (D:4)
  A worm (D:4)
  4 dart slugs
  15 orcs
  5 endoplasms
  4 giant cockroaches
  8 goblins
  9 hobgoblins
  2 jackals (D:4)
  18 kobolds
  4 quokkas
  7 ball pythons
  5 bats
  4 frilled lizards
  13 rats
333 creatures vanquished.

Vanquished Creatures (collateral kills)
  A hydra (Lair:2)
  Erica (D:8)
  Pikel (D:4)
  A cane toad (Lair:4)
  A blink frog (Lair:2)
  A basilisk (Lair:1)
  A redback (Lair:2)
  A water moccasin (D:9)
  A black bear (D:4)
  An ice beast (D:7)
  2 wolves (Lair:4)
  A centaur (D:7)
  A lemure (D:4)
  A wyvern zombie (D:8)
  6 bullfrogs
  A scorpion (D:7)
  A killer bee (D:9)
  2 wights
  A gnoll shaman (D:6)
  A hound (D:6)
  2 iguanas
  Ijyb (D:4)
  A killer bee zombie (D:7)
  A gnoll (D:6)
  An adder (D:4)
  3 orcs
  A bat (D:3)
  2 endoplasms
  A jackal (D:4)
  3 kobolds
  A rat (Sewer)
44 creatures vanquished.

Vanquished Creatures (others)
  A rime drake (Lair:5)
  11 hexers
  An ancestor (D:2)
  A kobold (D:8)
  25 fungi
  22 plants
  4 toadstools (D:1)
65 creatures vanquished.

Grand Total: 442 creatures vanquished

Notes
Turn   | Place    | Note
-------+----------+-------------------------------------------
     0 | D:1      | wilfster70 the Minotaur Fighter began the quest for the
                  | Orb.
     0 | D:1      | Reached XP level 1. HP: 19/19 MP: 0/0
    16 | D:1      | You fall into a shaft and drop 1 floor!
   129 | D:1      | Reached skill level 3 in Axes
   151 | D:1      | Reached XP level 2. HP: 27/27 MP: 1/1
   799 | D:2      | Found a faded altar of an unknown god.
   807 | D:2      | Prayed at the altar of an unknown god.
   807 | D:2      | Became a worshipper of Hepliaklqana the Forgotten
   807 | D:2      | Reached * piety under Hepliaklqana
   809 | D:2      | Reached XP level 3. HP: 29/29 MP: 2/2
   993 | D:2      | Reached skill level 4 in Axes
  1266 | D:2      | Reached XP level 4. HP: 13/36 MP: 3/3
  1825 | D:3      | Noticed a bullfrog
  1834 | D:3      | Killed a bullfrog
  1835 | D:3      | Reached skill level 5 in Axes
  1835 | D:3      | Reached XP level 5. HP: 36/42 MP: 4/4
  1900 | D:3      | Found an opulent altar of Gozag.
  2034 | D:3      | Noticed wakim's ghost (amateur PaFi)
  2066 | D:3      | Reached skill level 5 in Fighting
  2132 | D:3      | Found a runed translucent gate.
  2132 | D:3      | Found a runed translucent gate.
  2132 | D:3      | Found a runed translucent gate.
  2201 | D:3      | Reached ** piety under Hepliaklqana
  2202 | D:3      | Remembered your ancestor Aahotepre as a hexer
  2297 | D:3      | Identified the +1 robe "Jisuv" {rPois rF+}
  2354 | D:4      | Found Wuleis's Book Shoppe.
  2362 | D:4      | Noticed Ijyb
  2371 | D:4      | Killed Ijyb
  2372 | D:4      | Reached skill level 6 in Axes
  2413 | D:4      | Found a broken altar of Ashenzari.
  2460 | D:4      | Found Iterchui's Distillery.
  2537 | D:4      | Found a glowing drain.
  2548 | D:4      | Reached XP level 6. HP: 45/50 MP: 5/5
  2565 | Sewer    | Entered a sewer
  2698 | D:4      | Reached skill level 7 in Axes
  2771 | D:4      | Found Kopsif's General Store.
  2779 | D:4      | Bought a scroll of identify for 20 gold pieces
  2795 | D:4      | Found Iczerex's Armour Boutique.
  2814 | D:4      | Found a hazy altar of Hepliaklqana.
  2849 | D:4      | Found a glowing silver altar of Zin.
  2954 | D:4      | Noticed Pikel
  2976 | D:4      | Killed Pikel
  2977 | D:4      | Reached skill level 9 in Axes
  2977 | D:4      | Reached XP level 7. HP: 36/59 MP: 6/6
  3284 | D:4      | Bought a potion of attraction for 33 gold pieces
  3588 | D:5      | Entered Level 5 of the Dungeon
  3631 | D:5      | Reached XP level 8. HP: 51/65 MP: 0/7
  4163 | D:5      | Reached *** piety under Hepliaklqana
  4172 | D:5      | Reached skill level 10 in Axes
  4205 | D:5      | Noticed Menkaure
  4211 | D:5      | Killed Menkaure
  4610 | D:6      | Found a staircase to the Ecumenical Temple.
  4626 | D:6      | Reached skill level 11 in Axes
  5027 | D:6      | Found a blossoming altar of Fedhas.
  5046 | D:6      | Reached skill level 1 in Invocations
  5046 | D:6      | Reached XP level 9. HP: 73/73 MP: 5/8
  5170 | D:6      | Found a shimmering altar of Xom.
  5573 | D:7      | Found a shimmering blue altar of Sif Muna.
  5611 | D:7      | Found a radiant altar of Vehumet.
  5744 | D:7      | Reached **** piety under Hepliaklqana
  5767 | D:7      | Reached skill level 12 in Axes
  5874 | D:7      | Found an ornate altar of the Wu Jian Council.
  6162 | D:7      | Found a hide-covered altar of Uskayaw.
  6224 | D:7      | Found an ancient bone altar of Kikubaaqudgha.
  6597 | D:7      | Reached skill level 13 in Axes
  6923 | D:7      | Reached skill level 14 in Axes
  6923 | D:7      | Reached XP level 10. HP: 70/81 MP: 8/12
  6934 | D:7      | Reached skill level 5 in Invocations
  7115 | D:8      | Found an iron altar of Okawaru.
  7856 | D:8      | Noticed Erica
  7874 | D:8      | Killed Erica
  7875 | D:8      | Reached skill level 15 in Axes
  8301 | D:9      | Reached ***** piety under Hepliaklqana
  8551 | D:9      | Identified the +1 plate armour of Jigsaw {rCorr Dex+3}
  8689 | D:9      | Found a transporter.
  8694 | D:9      | Found a transporter.
  8699 | D:9      | Found a transporter.
  8699 | D:9      | Found a transporter.
  8713 | D:9      | Found a transporter.
  8716 | D:9      | Found a transporter.
  8879 | D:9      | Noticed a two-headed ogre
  8886 | D:9      | Killed a two-headed ogre
  8887 | D:9      | Reached skill level 16 in Axes
  8948 | D:9      | Found a sparkling altar of Nemelex Xobeh.
  8949 | D:9      | Noticed a two-headed ogre
  8955 | D:9      | Killed a two-headed ogre
  8956 | D:9      | Reached XP level 11. HP: 85/85 MP: 10/15
  9046 | D:10     | Entered Level 10 of the Dungeon
  9060 | D:10     | Found a transporter.
  9072 | D:10     | Noticed a death yak
  9075 | D:10     | Noticed a death yak
  9076 | D:10     | Noticed a death yak
  9090 | D:10     | Killed a death yak
  9091 | D:10     | Reached skill level 5 in Armour
  9091 | D:10     | Killed a death yak
  9095 | D:10     | Killed a death yak
  9096 | D:10     | Found a staircase to the Lair.
  9503 | D:10     | Noticed a yaktaur captain
  9511 | D:10     | Noticed opoi33's ghost (journeyman GrBe)
  9516 | D:10     | Found a transporter.
  9540 | D:10     | HP: 2/85 [yaktaur captain (11)]
  9542 | D:10     | Killed a yaktaur captain
  9566 | D:10     | Killed opoi33's ghost
 10197 | D:11     | Noticed a two-headed ogre
 10202 | D:11     | Killed a two-headed ogre
 10234 | D:11     | Identified the +5 flail "Notiyf" {freeze, rElec rPois Will+
                  | Dex+3}
 10245 | D:11     | Reached skill level 10 in Invocations
 10487 | D:11     | Identified a scroll of acquirement
 10487 | D:11     | Acquired a +2 broad axe of venom
 10694 | Lair:1   | Entered Level 1 of the Lair of Beasts
 10790 | Lair:1   | Noticed an eight-headed hydra
 10801 | Lair:1   | Killed a six-headed hydra
 10802 | Lair:1   | Reached XP level 12. HP: 92/92 MP: 15/18
 10896 | Lair:1   | Reached skill level 10 in Armour
 11265 | Lair:1   | Reached skill level 1 in Evocations
 11668 | Lair:2   | Noticed a seven-headed hydra
 11676 | Lair:2   | Killed a five-headed hydra
 11914 | Lair:2   | Noticed a seven-headed hydra
 11922 | Lair:2   | Killed a four-headed hydra
 12245 | Lair:2   | Reached ****** piety under Hepliaklqana
 12463 | Lair:2   | Reached skill level 17 in Axes
 12576 | Lair:2   | Found a hole to the Spider Nest.
 13218 | Lair:3   | Noticed a death yak
 13220 | Lair:3   | Noticed a death yak
 13221 | Lair:3   | Noticed a death yak
 13224 | Lair:3   | Noticed a death yak
 13395 | Lair:3   | Reached skill level 5 in Evocations
 13450 | Lair:3   | Noticed a seven-headed hydra
 13457 | Lair:3   | Killed a three-headed hydra
 13577 | Lair:3   | Killed a death yak
 13584 | Lair:3   | Killed a death yak
 13589 | Lair:3   | Killed a death yak
 13597 | Lair:3   | Killed a death yak
 13598 | Lair:3   | Reached skill level 18 in Axes
 14210 | Lair:3   | Found a runed translucent door.
 14210 | Lair:3   | Noticed Pukecob's ghost (journeyman DECj)
 14231 | Lair:3   | Killed Pukecob's ghost
 14699 | D:4      | Bought a +1 hat for 143 gold pieces
 15078 | Lair:3   | Reached XP level 13. HP: 87/97 MP: 15/19
 15536 | Lair:4   | Reached skill level 1 in Throwing
 15574 | Lair:4   | Found a staircase to the Shoals.
 16256 | Lair:4   | Acquired the ring of Accord {Will+ AC+4}
 16714 | Lair:5   | Found a staircase to the Slime Pits.
 17169 | Lair:5   | Found a runed translucent gate.
 17169 | Lair:5   | Found a runed translucent gate.
 17169 | Lair:5   | Found a runed translucent gate.
 17218 | Lair:5   | Reached skill level 5 in Throwing
 17246 | Lair:5   | Slain by a seven-headed hydra simulacrum

Illustrated notes

Levels and vault maps discovered:
D:1:      ldierk_walled_garden_2, layout_rooms
D:2:      layout_loops_corners, shapermc_ecumenical_altar_totnotflames
D:3:      cheibrodos_helix_gallery, layout_rooms, mainiacjoe_overflow_boulevard,
          gammafunk_ghost_split, grunt_ministairs_1, minmay_quantized
D:4:      layout_basic, nicolae_ashenzari_panopticon, lemuel_doored_altar,
          nzn_hepliaklqana_mist_gate, portal_sewer_entry_a, serial_shops,
          kennysheep_little_box, nicolae_inconvenience_store,
          nicolae_diamond_shop, nicolae_shop_trees,
          minmay_fractal_squares_gapless_5, uniq_ijyb, uniq_pikel
D:5:      layout_loops_corners, serial_rivers, chequers_serial_rivers_small_b,
          chequers_serial_rivers_micro_a, chequers_serial_rivers_micro_a,
          chequers_serial_rivers_small_a, uniq_menkaure
D:6:      layout_rooms, fedhas_bush_and_centaur_altar,
          mainiacjoe_overflow_concentric_impassable,
          minmay_temple_entry_large_hall
D:7:      kennysheep_windowed_halls, layout_basic, mainiacjoe_overflow_paths,
          kiku_gazebo_pond_becter, nicolae_wu_jian_wuxing_cycle,
          mainiacjoe_overflow_two_lobes, serial_bayou_pond_d,
          nicolae_concentric_dashed_squares_wild
D:8:      layout_gridville, okawaru_gym_becter, uniq_erica
D:9:      layout_irregular_city, nemelex_spade_bored_becter,
          serial_nicolae_subway, nicolae_sub_station_metal,
          nicolae_sub_station_crystal, nicolae_sub_station_stone
D:10:     layout_loops_cross, dpeg_lair_monsters, gammafunk_ghost_arena
D:11:     layout_gridville
Lair:1:   layout_cave_pods
Lair:2:   layout_cave_pods, nicolae_spider_entry_tight_spaces,
          serial_bayou_lagoon_a
Lair:3:   layout_loops_ring, portal_ice_cave_rime, gammafunk_ghost_grave,
          chequers_serial_rivers_micro_b, grunt_megastairs_4,
          serial_bayou_shore_a, lemuel_fruit_fields, lemuel_fruit_tree
Lair:4:   layout_regular_city, minmay_shoals_entry_beasts
Lair:5:   layout_roguey, minmay_slime_entry_oklob_enclosed, gammafunk_ghost_icy

Skill      XL: |  1  2  3  4  5  6  7  8  9 10 11 12 13 |
---------------+----------------------------------------+-----
Axes           | 3 4 5 6 9 11 14 16 18 | 18.0
Fighting       | 4 5 7 8 |  8.6
Shields        | 4 |  4.0
Invocations    | 1 4 7 10 | 10.0
Armour         | 4 9 10 | 10.0
Evocations     | 7 9 |  9.1
Throwing       | 5 |  5.2

Action                   |  1- 3 |  4- 6 |  7- 9 | 10-12 | 13-15 || total
-------------------------+-------+-------+-------+-------+-------++-------
Melee: War axe           |    54 |   116 |   195 |   216 |       ||   581
       Headbutt          |     6 |    17 |    38 |    83 |    31 ||   175
       Broad axe         |       |       |       |   148 |   128 ||   276
       Scimitar          |       |       |       |    14 |       ||    14
Invok: Ancestor Life: He |       |     1 |       |       |       ||     1
Evoke: Wand              |       |       |       |     3 |       ||     3
       Tin of tremorston |       |       |       |     1 |       ||     1
  Use: Scroll            |     5 |     8 |     4 |     7 |     3 ||    27
       Potion            |       |     1 |       |     6 |     4 ||    11
 Stab: Distracted        |       |       |     2 |     2 |     3 ||     7
       Confused          |       |       |     2 |     6 |     3 ||    11
       Paralysed         |       |       |     1 |     3 |       ||     4
Armor: Scale mail        |    22 |    22 |       |       |       ||    44
       Chain mail        |       |    34 |    84 |    35 |       ||   153
       Plate armour      |       |       |       |   168 |    55 ||   223
Dodge: Dodged            |    32 |    49 |    72 |    87 |    16 ||   256
Block: Buckler           |    13 |    37 |    79 |   122 |    37 ||   288
       Reflection        |       |       |    10 |     2 |     3 ||    15

Table legend: (Time is in decaauts)
 A = Elapsed time spent in this place.
 B = Non-inter-level travel time spent in this place.
 C = Inter-level travel time spent in this place.
 D = Time resting spent in this place.
 E = Time spent auto-exploring this place.
 F = Levels seen in this place.
 G = Mean time per level.
                   A        B        C        D        E       F      G
               +--------+--------+--------+--------+--------+-----+--------+
         Total |  17235 |  16194 |   1041 |   3339 |   8122 |  17 | 1013.8 |
       Dungeon |  10856 |  10119 |    737 |   2117 |   4783 |  11 |  986.9 |
          Lair |   6276 |   5972 |    304 |   1222 |   3338 |   5 | 1255.2 |
         Sewer |    102 |    102 |      0 |      0 |      0 |   1 |  102.0 |
               +--------+--------+--------+--------+--------+-----+--------+

Top non-repeatable levels by time:
  Lair:2: 1974 daAuts
     D:7: 1647 daAuts
  Lair:3: 1530 daAuts
     D:8: 1315 daAuts
     D:5: 1260 daAuts
     D:4: 1189 daAuts
    D:10: 1131 daAuts
     D:1: 1068 daAuts
  Lair:4: 1059 daAuts
  Lair:5: 923 daAuts
  Lair:1: 788 daAuts
     D:2: 754 daAuts
     D:9: 751 daAuts
     D:6: 702 daAuts
     D:3: 571 daAuts
